 Dungeon Crawl Stone Soup version 0.25.1-2-g60ff931df9 (webtiles) character file.

Game seed: 14311629699579362662

266 Peloso the Covered (level 6, 0/53 HPs)
             Began as a Minotaur Fighter on Aug 10, 2020.
             Succumbed to an orc priest's poison
             ... on level 3 of the Dungeon.
             The game lasted 00:05:16 (3637 turns).

Peloso the Covered (Minotaur Fighter)               Turns: 3637, Time: 00:05:17

Health: 0/53       AC: 12    Str: 21    XL:     6   Next: 0%
Magic:  5/5        EV:  4    Int:  5    God:
Gold:   174        SH: 10    Dex: 11    Spells: 5/5 levels left

rFire    . . .     SeeInvis .   a - +0 long sword
rCold    . . .     Gourm    .   c - +0 kite shield
rNeg     . . .     Faith    .   p - +0 plate armour
rPois    .         Spirit   .   (helmet restricted)
rElec    .         Reflect  .   (no cloak)
rCorr    .         Harm     .   (no gloves)
MR       .....                  (no boots)
Stlth    ..........             (no amulet)
HPRegen  0.17/turn              j - ring of stealth
MPRegen  0.09/turn              (no ring)

@: lethally poisoned (0 -> -1)
A: retaliatory headbutt, horns 2
a: no special abilities


You were on level 3 of the Dungeon.
You were hungry.

You visited 1 branch of the dungeon, and saw 4 of its levels.

You collected 174 gold pieces.

Inventory:

Hand Weapons
 a - a +0 long sword (weapon)
Armour
 b - a +0 scale mail
 c - a +0 kite shield (worn)
 p - a +0 plate armour (worn)
Jewellery
 j - a ring of stealth (left hand)
Wands
 q - a wand of iceblast (11)
Scrolls
 e - a scroll of blinking {unknown}
 g - 4 scrolls of identify
 i - a scroll of remove curse {unknown}
 m - a scroll of enchant weapon {unknown}
 n - a scroll of magic mapping {unknown}
 o - a scroll of fear {unknown}
 r - a scroll of teleportation {unknown}
Potions
 d - a potion of might
 k - 2 potions of haste
Comestibles
 f - 7 rations
 h - 6 chunks of flesh


   Skills:
 + Level 4.4 Fighting
 + Level 4.3 Long Blades
 + Level 5.5 Armour
 + Level 0.7 Dodging
 + Level 0.9 Stealth
 + Level 4.8 Shields


You had 5 spell levels left.
You didn't know any spells.
Your spell library contained the following spells:

 Spells                   Type           Power        Failure   Level  Hunger
 Beastly Appendage        Tmut           #.....       100%        1    ##.....
 Freeze                   Ice            #...         100%        1    ##.....
 Sticks to Snakes         Tmut           #.......     100%        2    ###....
 Frozen Ramparts          Ice            #.....       100%        3    ####...
 Ozocubu's Armour         Chrm/Ice       #.......     100%        3    ####...
 Spider Form              Tmut/Pois      #.........   100%        3    ####...
 Hailstorm                Conj/Ice       #.......     100%        4    #####..
 Ice Form                 Ice/Tmut       #.......     100%        4    #####..
 Summon Ice Beast         Ice/Summ       #.......     100%        4    #####..
 Blade Hands              Tmut           #.........   100%        5    ######.


Dungeon Overview and Level Annotations

Branches:
Dungeon (4/15)             Temple (0/1) D:4

Altars:
Cheibriados
Makhleb
Sif Muna
Vehumet
The Shining One


Innate Abilities, Weirdness & Mutations

You reflexively headbutt those who attack you in melee.
You have a pair of horns on your head.


Message History

You feel sick.
You feel sick.
You feel sick.
You feel sick.
You feel sick. The orc hits you but does no damage.
Found a ration.
You feel sick.
An orc comes into view. It is wielding a +0 dagger.
The orc shouts!
The giant cockroach bites you but does no damage.
You feel sick.
You feel sick.
The giant cockroach bites you but does no damage.
There is a stone staircase leading up here.
The giant cockroach bites you but does no damage.
The orc hits you with a +0 dagger.
* * * LOW HITPOINT WARNING * * *
You climb upwards.
There is a stone staircase leading down here.
You die...

...####.#.......#.#.# #.#####.
#.## #......_.....#.#
##....... #.# #..#.......#.#.#
###...##### #.#
#..#.......#.#.# #..........
#.# ##..##.....##.#.#
#.#...####.
#.###.#.####.####.#.# #.##.##
#. ...###...........s#.#
#.##.# #.
....###.######.#>##.# #.##.#
## ....# #.# #..@##.# #.##.#
....# #.# ###.##.###.##.#
...####.### #.##........#
####......# #.#####...#.###
#.#####.#.# #.# #..#.....# #.#
#.#.## #.####....#.#.#
#.#####....#####...........#.#
..................###.#..###.#
#>#####....####......#.......#


You could see a giant cockroach.

Vanquished Creatures
  A crimson imp (D:3)
  An orc wizard (D:4)
  2 orc priests
  A gnoll (D:3)
  3 adders
  An ooze (D:3)
  4 worms
  2 leopard geckos
  12 orcs
  4 giant cockroaches
  8 goblins
  8 hobgoblins
  4 jackals (D:3)
  3 kobolds (D:3)
  3 quokkas (D:3)
  A ball python (D:3)
  8 bats
  2 frilled lizards
  5 rats
73 creatures vanquished.

Notes
Turn   | Place    | Note
-------+----------+-------------------------------------------
     0 | D:1      | Peloso the Minotaur Fighter began the quest for the Orb.
     0 | D:1      | Reached XP level 1. HP: 19/19 MP: 0/0
   526 | D:1      | Reached XP level 2. HP: 27/27 MP: 1/1
   763 | D:2      | Reached skill level 4 in Armour
  1352 | D:2      | Reached XP level 3. HP: 33/33 MP: 2/2
  1845 | D:2      | Found a radiant altar of Vehumet.
  2331 | D:3      | Found a snail-covered altar of Cheibriados.
  2617 | D:3      | Found a shimmering blue altar of Sif Muna.
  2770 | D:3      | Reached XP level 4. HP: 40/40 MP: 3/3
  2774 | D:3      | Found a burning altar of Makhleb.
  2841 | D:3      | Reached XP level 5. HP: 47/47 MP: 4/4
  2841 | D:3      | Reached skill level 5 in Armour
  3387 | D:3      | Found a glowing golden altar of the Shining One.
  3591 | D:4      | Found a staircase to the Ecumenical Temple.
  3609 | D:4      | Reached XP level 6. HP: 12/53 MP: 5/5
  3629 | D:4      | HP: 2/53 [poisoned by an orc priest]
  3635 | D:4      | HP: 1/53 [orc/+0 dagger (2)]
  3637 | D:3      | Succumbed to an orc priest's poison

Illustrated notes

Levels and vault maps discovered:
D:1:      minmay_arrival_semitransparent, layout_basic
D:2:      wad_lake_hut, layout_basic, fiery_altar_vehumet
D:3:      minmay_octagon_keep, layout_loops_ring, makhleb_grotto_becter,
          nicolae_overflow_crystal_walls, old_standard_altar,
          lemuel_coloured_pillars_altar
D:4:      minmay_inner_zag, layout_cave_pools, dancing_weapons_uskayaw,
          fedhas_altar_1, minmay_temple_entry_junction, first_ration,
          serial_shops, shop_fountains

Skill      XL: |  1  2  3  4  5 |
---------------+----------------+-----
Armour         | 4 5 |  5.5
Shields        | 4 |  4.8
Fighting       | 4 |  4.4
Long Blades    | 3 4 |  4.3
Dodging        | |  0.7
Stealth        | |  0.9

Action                   |  1- 3 |  4- 6 || total
-------------------------+-------+-------++-------
Melee: Long sword        |    84 |   133 ||   217
       Headbutt          |    19 |    18 ||    37
  Use: Potion            |     3 |     1 ||     4
       Scroll            |     2 |       ||     2
  Eat: Chunk             |     2 |     3 ||     5
       Ration            |     1 |       ||     1
Armor: Scale mail        |     7 |       ||     7
       Plate armour      |    23 |   113 ||   136
Dodge: Dodged            |    12 |    30 ||    42
Block: Kite shield       |    32 |    88 ||   120
       Rpst.: Long sword |     4 |     4 ||     8
